Map: Echo of the past

Players

Zelos

  • Race: Terran Terran
  • League: Grandmaster

starkiller - Winner!

  • Race: Zerg Zerg
  • League: Grandmaster

VOD

Have the link to the VOD?

Description

Time

  • Played on: Aug. 30, 2016, 10:12 p.m.
  • Length: 9:15
Show
View Real Time Build Order
Export as new Build Order

Zelos Terran 

Build Orders: Reaper Expand, MMM Bio 

Get SALT Encoding   

  12  0:01  SCV  
  13  0:13  SCV  
  14  0:17  Supply Depot  
  14  0:25  SCV  
  15  0:38  SCV  
  15  0:40  Barracks  
  16  0:44  Refinery  
  16  0:50  SCV  
  17  1:02  SCV  
  18  1:14  SCV  
  19  1:27  Reaper  
  19  1:28  Orbital Command  
  20  1:39  Command Center  
  20  1:51  Barracks  
  20  1:54  SCV  
  20  2:01  Barracks Reactor  
  21  2:04  Supply Depot  
  21  2:07  SCV  
  22  2:14  Refinery  
  22  2:19  SCV  
  23  2:27  Factory  
  23  2:31  SCV  
  24  2:37  Marine x2  
  24  2:39  Barracks Tech Lab  
  24  2:43  SCV  
  27  2:56  SCV, Marine x2  
  30  2:59  Stimpack  
  30  3:00  Orbital Command  
  30  3:05  Marine  
  31  3:13  SCV  
  31  3:16  Marine  
  31  3:17  Marine  
  34  3:20  Starport  
  34  3:22  Factory Reactor  
  34  3:25  SCV  
  34  3:26  Marine  
  36  3:31  SCV  
  37  3:35  Supply Depot  
  37  3:37  SCV, Marine  
  37  3:40  Marine  
  40  3:45  SCV  
  40  3:46  Marine  
  42  3:49  SCV  
  43  3:56  Marine  
  43  4:01  SCV x2  
  43  4:02  Supply Depot  
  46  4:03  Medivac x2  
  46  4:05  Marine x2  
  46  4:07  Widow Mine  
  54  4:17  Supply Depot  
  54  4:23  SCV x2  
  56  4:24  Marine  
  56  4:25  Marine x2  
  56  4:29  Supply Depot  
  59  4:35  SCV x2  
  61  4:44  Marine x3  
  61  4:45  Medivac  
  65  4:48  Command Center  
  65  4:53  Engineering Bay  
  65  4:56  SCV x2  
  67  5:00  Refinery  
  67  5:02  Factory Reactor  
  67  5:06  Barracks  
  67  5:08  SCV  
  68  5:16  SCV  
  68  5:20  SCV  
  68  5:24  Marine x3  
  68  5:28  SCV  
  63  5:32  SCV  
  62  5:40  SCV  
  63  5:43  Terran Infantry Weapons Level 1  
  63  5:44  SCV  
  63  5:45  Barracks  
  63  5:46  Armory  
  63  5:47  Engineering Bay  
  63  5:48  Marine x2  
  63  5:49  Marine, Barracks  
  65  5:52  SCV  
  65  5:56  SCV, Combat Shields  
  67  6:01  Factory Reactor  
  67  6:02  Orbital Command  
  67  6:06  SCV, Marine  
  67  6:08  SCV, Refinery  
  70  6:12  Marine x3  
  70  6:16  Marauder  
  70  6:18  SCV  
  76  6:20  SCV  
  76  6:22  Terran Infantry Armor Level 1  
  77  6:28  Marine  
  77  6:30  SCV, Marine  
  77  6:32  Marine x2  
  80  6:33  SCV  
  80  6:35  SCV, Barracks Tech Lab  
  80  6:39  Barracks Tech Lab  
  83  6:43  SCV  
  84  6:53  Marine x4  
  88  6:54  Marauder x2, SCV x2  
  88  6:56  SCV  
  88  6:57  Supply Depot  
  88  6:58  Supply Depot  
  88  6:59  Supply Depot  
  93  7:04  Marine  
  93  7:06  SCV  
  89  7:11  Marine x2  
  89  7:15  Marine x2  
  91  7:16  Marauder x2, Widow Mine  
  91  7:17  Widow Mine  
  91  7:19  Medivac x2  
  91  7:24  Marine  
  91  7:29  Marine x2  
  85  7:35  Marine x2  
  82  7:37  Marauder x2  
  82  7:41  Marine  
  72  7:46  Marine  
  72  7:47  Marine  
  72  7:49  SCV x2  
  65  7:53  Marine x2  
  62  7:58  Marauder x2  
  62  7:59  Marine, Widow Mine x2  
  62  8:01  SCV  
  63  8:14  Marine x2  
  63  8:15  Concussive Shells, Marine x2  
  63  8:18  Marauder  
  69  8:20  SCV x2  
  69  8:24  Marauder  
  72  8:32  SCV  
  72  8:33  SCV  
  74  8:35  Marine  
  72  8:45  Marine x3  
  72  8:46  Marauder, Marine  
  64  8:52  Marine  
  64  8:53  Marauder  
Show
View Real Time Build Order
Export as new Build Order

starkiller Zerg - Winner!

Build Orders: Hatch First 

Get SALT Encoding   

  12  0:01  Drone  
  13  0:13  Overlord  
  13  0:17  Drone  
  14  0:31  Drone x2  
  16  0:35  Drone  
  17  0:54  Hatchery  
  16  0:58  Drone  
  16  1:00  Drone  
  18  1:12  Spawning Pool  
  18  1:17  Drone  
  18  1:21  Drone  
  19  1:30  Overlord  
  19  1:41  Drone  
  20  1:58  Drone  
  20  1:59  Queen  
  23  2:05  Queen  
  23  2:06  Drone  
  23  2:07  Drone  
  27  2:11  Drone  
  28  2:17  Drone  
  29  2:33  Drone  
  29  2:34  Drone  
  29  2:35  Queen  
  29  2:36  Extractor  
  31  2:40  Extractor  
  31  2:41  Queen  
  32  2:46  Drone x2  
  32  2:47  Drone  
  32  2:50  Spore Crawler  
  34  2:52  Drone  
  34  2:54  Spore Crawler  
  34  3:03  Overlord  
  35  3:17  Drone  
  36  3:21  Drone x2  
  36  3:22  Drone  
  36  3:23  Drone x3  
  36  3:26  Drone x2  
  44  3:28  Lair  
  44  3:33  Overlord  
  44  3:40  Evolution Chamber  
  44  3:41  Evolution Chamber  
  42  3:44  Drone x2  
  44  3:50  Extractor  
  44  3:51  Drone  
  44  3:52  Extractor  
  44  3:54  Overlord  
  43  3:55  Roach Warren  
  43  3:57  Drone x2  
  44  4:06  Drone x3  
  44  4:08  Zerg Missile Weapons Level 1  
  47  4:15  Zerg Ground Armor Level 1  
  47  4:16  Drone  
  48  4:18  Drone  
  48  4:22  Overlord  
  49  4:25  Overlord  
  49  4:32  Drone x2  
  49  4:34  Drone  
  49  4:35  Glial Reconstitution  
  52  4:45  Roach x3  
  58  4:50  Roach  
  60  4:54  Roach x2  
  60  4:57  Roach  
  66  5:01  Roach  
  66  5:02  Overlord  
  68  5:19  Roach x2  
  60  5:30  Overseer  
  60  5:37  Roach x3  
  60  5:38  Roach x3  
  60  5:39  Roach x2  
  76  5:47  Overlord, Hatchery  
  76  5:49  Drone  
  76  6:04  Overlord x2  
  76  6:06  Roach x2  
  76  6:09  Zerg Ground Armor Level 2, Zerg Missile Weapons Level 2  
  80  6:13  Overlord  
  80  6:14  Overlord  
  80  6:22  Roach x2  
  80  6:23  Roach  
  80  6:25  Roach  
  88  6:27  Roach  
  90  6:34  Roach x2  
  90  6:35  Roach  
  96  6:45  Roach x3  
  102  6:47  Ravager  
  102  6:48  Ravager x3, Roach  
  102  6:49  Roach  
  108  6:59  Overlord  
  108  7:00  Roach x3  
  112  7:21  Roach x2  
  102  7:44  Roach x7  
  102  7:47  Roach x2  
  100  7:57  Roach x3  
  98  8:10  Roach  
  98  8:11  Roach  
  98  8:17  Roach  
  98  8:18  Roach x3  
  106  8:28  Ravager x5  
  106  8:30  Roach  
  113  8:37  Ravager  
  108  8:46  Roach x4  
  106  8:48  Roach  
Tags
 
Add a new tag
Caveats
  • Supply blocks, unpowered buildings, or Contaminate may cause inaccurate times.
  • Supply counts are checked every 10 seconds.